TOP OF THE 1ST |
West Virginia Power batting - Pitching for Gainesville Guidos : RHP Rodney Hall
|
Pitching: RHP Rodney Hall
|
|
Batting: RHB Luis Quezada
|
0-0: Called Strike 0-1: Ground out 1-3 (Groundball, 15S)
|
Batting: LHB Wally Harris
|
0-0: Ground out 1-3 (Groundball, 13S)
|
Batting: LHB Ken Nelson
|
0-0: SINGLE (Line Drive, 8RS)
|
Batting: SHB Waylon Adams
|
0-0: Called Strike 0-1: Ball 1-1: 2-RUN HOME RUN (Flyball, 9LD), Distance : 329 ft
|
Batting: RHB Tony Parker
|
0-0: Ball 1-0: Called Strike 1-1: Swinging Strike 1-2: Foul Ball, location: 2F 1-2: Fly out, F8 (Flyball, 8LS)
|
Top of the 1st over - 2 run(s), 2 hit(s), 0 error(s), 0 left on base; West Virginia 2 - Gainesville 0 |
BOTTOM OF THE 1ST |
Gainesville Guidos batting - Pitching for West Virginia Power : RHP Brad Flores
|
Pitching: RHP Brad Flores
|
|
Batting: SHB Cornell Payne
|
0-0: Called Strike 0-1: Called Strike 0-2: Ground out 6-3 (Groundball, 6)
|
Batting: RHB Juan Reyes
|
0-0: Called Strike 0-1: Swinging Strike 0-2: Ball 1-2: Ball 2-2: SINGLE (Groundball, 56D)
|
Batting: LHB Mark Owens
|
0-0: Ball 1-0: Ball 2-0: Called Strike 2-1: Swinging Strike 2-2: Ball 3-2: SINGLE (Groundball, 34D) Juan Reyes to second Runner from 2nd tries for 3rd, SAFE, no throw
|
Batting: RHB Kyle O'Day
|
0-0: Fly out, F9 (Line Drive, 9) Runner from 3rd tags up, SCORES, throw made
|
Batting: LHB Eddy Jefferson
|
0-0: Ball 1-0: Ground out 4-3 (Groundball, 4)
|
Bottom of the 1st over - 1 run(s), 2 hit(s), 0 error(s), 1 left on base; West Virginia 2 - Gainesville 1 |
TOP OF THE 2ND |
West Virginia Power batting - Pitching for Gainesville Guidos : RHP Rodney Hall
|
Batting: RHB Piotr Zahn
|
0-0: Called Strike 0-1: Foul Ball, location: 2F 0-2: Foul Ball, location: 2F 0-2: Strikes out swinging
|
Batting: RHB Javier Peña
|
0-0: Swinging Strike 0-1: Foul Ball, location: 2F 0-2: Strikes out looking
|
Batting: SHB Thomas Simmons
|
0-0: Called Strike 0-1: Ball 1-1: Ball 2-1: Called Strike 2-2: Foul Ball, location: 2F 2-2: Foul Ball, location: 2F 2-2: Ball 3-2: Strikes out swinging, 2-3 out at first.
|
Top of the 2nd over - 0 run(s), 0 hit(s), 0 error(s), 0 left on base; West Virginia 2 - Gainesville 1 |
BOTTOM OF THE 2ND |
Gainesville Guidos batting - Pitching for West Virginia Power : RHP Brad Flores
|
Batting: RHB Augusto Baca
|
0-0: Called Strike 0-1: Foul Ball, location: 2F 0-2: Foul Ball, location: 2F 0-2: DOUBLE (Flyball, 7D)
|
Batting: RHB Denver Baker
|
0-0: Called Strike 0-1: Ball 1-1: Ground out 6-3 (Groundball, 56)
|
Batting: LHB Robbie Turner
|
0-0: Ball 1-0: Swinging Strike 1-1: Foul Ball, location: 2F 1-2: Strikes out looking
|
Batting: RHB Adrián López
|
0-0: Ball 1-0: Called Strike 1-1: Ball 2-1: Called Strike 2-2: Fly out, F7 (Flyball, 7)
|
Bottom of the 2nd over - 0 run(s), 1 hit(s), 0 error(s), 1 left on base; West Virginia 2 - Gainesville 1 |
TOP OF THE 3RD |
West Virginia Power batting - Pitching for Gainesville Guidos : RHP Rodney Hall
|
Batting: RHB Pedro Echevarría
|
0-0: Ball 1-0: Ball 2-0: Called Strike 2-1: Fly out, F4 (Line Drive, 4)
|
Batting: RHB Luis Quezada
|
0-0: Ground out U3 (Groundball, 34)
|
Batting: LHB Wally Harris
|
0-0: Called Strike 0-1: Ball 1-1: Ball 2-1: Ball 3-1: Base on Balls
|
Batting: LHB Ken Nelson
|
0-0: Called Strike 0-1: Ball 1-1: Foul Ball, location: 2F 1-2: Ball 2-2: Ball 3-2: DOUBLE (Line Drive, 8RD) Wally Harris to third Wally Harris scores
|
Batting: SHB Waylon Adams
|
0-0: Ball 1-0: Called Strike 1-1: Foul Ball, location: 2F 1-2: Ball 2-2: DOUBLE (Line Drive, 78XD) Ken Nelson scores
|
Batting: RHB Tony Parker
|
0-0: Foul Ball, location: 2F 0-1: Ground out 6-3 (Groundball, 6)
|
Top of the 3rd over - 2 run(s), 2 hit(s), 0 error(s), 1 left on base; West Virginia 4 - Gainesville 1 |
BOTTOM OF THE 3RD |
Gainesville Guidos batting - Pitching for West Virginia Power : RHP Brad Flores
|
Batting: SHB Cornell Payne
|
0-0: Called Strike 0-1: Ground out 4-3 (Groundball, 34)
|
Batting: RHB Juan Reyes
|
0-0: Ball 1-0: Foul Ball, location: 2F 1-1: Ground out 4-3 (Groundball, 4)
|
Batting: LHB Mark Owens
|
0-0: Swinging Strike 0-1: Ball 1-1: Ball 2-1: SINGLE (Line Drive, 34D)
|
Batting: RHB Kyle O'Day
|
0-0: Fly out, F5 (Line Drive, 5S)
|
Bottom of the 3rd over - 0 run(s), 1 hit(s), 0 error(s), 1 left on base; West Virginia 4 - Gainesville 1 |
TOP OF THE 4TH |
West Virginia Power batting - Pitching for Gainesville Guidos : RHP Rodney Hall
|
Batting: RHB Piotr Zahn
|
0-0: Ball 1-0: Ball 2-0: SINGLE (Line Drive, 89S)
|
Batting: RHB Javier Peña
|
0-0: Ball 1-0: Ball 2-0: Ball 3-0: Base on Balls Piotr Zahn to second
|
Batting: SHB Thomas Simmons
|
0-0: Called Strike 0-1: Ball 1-1: Swinging Strike 1-2: Ball 2-2: Strikes out looking
|
Batting: RHB Pedro Echevarría
|
0-0: Foul Ball, location: 2F 0-1: Ball 1-1: DOUBLE (Line Drive, 7D) Piotr Zahn scores Javier Peña to third
|
Batting: RHB Luis Quezada
|
0-0: SINGLE (Line Drive, 7S) Javier Peña scores Pedro Echevarría to third Runner from 3rd tries for Home, SAFE, no throw
|
Pitching: RHP Salvador De Jesús
|
|
Batting: LHB Wally Harris
|
0-0: Ball 1-0: SINGLE (Groundball, 6D) Luis Quezada to second
|
Batting: LHB Ken Nelson
|
0-0: Ball 1-0: Foul Ball, location: 2F 1-1: SINGLE (Groundball, 6) (infield hit) Luis Quezada to third Wally Harris to second
|
Batting: SHB Waylon Adams
|
0-0: Ball 1-0: Called Strike 1-1: Foul Ball, location: 2F 1-2: Foul Ball, location: 2F 1-2: Ball 2-2: Ball 3-2: SINGLE (Line Drive, 7S) Luis Quezada scores Wally Harris to third Ken Nelson to second Runner from 3rd tries for Home, SAFE, no throw
|
Batting: RHB Tony Parker
|
0-0: Swinging Strike 0-1: Ball 1-1: Foul Ball, location: 2F 1-2: Strikes out swinging
|
Batting: RHB Piotr Zahn
|
0-0: Called Strike 0-1: SINGLE (Groundball, 4D) Ken Nelson to third Waylon Adams to second Runner from 3rd tries for Home, SAFE, no throw
|
Batting: RHB Javier Peña
|
0-0: Called Strike 0-1: Foul Ball, location: 2F 0-2: Strikes out swinging
|
Top of the 4th over - 6 run(s), 7 hit(s), 0 error(s), 2 left on base; West Virginia 10 - Gainesville 1 |
BOTTOM OF THE 4TH |
Gainesville Guidos batting - Pitching for West Virginia Power : RHP Brad Flores
|
Batting: LHB Eddy Jefferson
|
0-0: Called Strike 0-1: Swinging Strike 0-2: Strikes out swinging
|
Batting: RHB Augusto Baca
|
0-0: Called Strike 0-1: Swinging Strike 0-2: Foul Ball, location: 2F 0-2: Ball 1-2: Ball 2-2: Ball 3-2: Base on Balls
|
Batting: RHB Denver Baker
|
0-0: Ball 1-0: Foul Ball, location: 2F 1-1: DOUBLE (Line Drive, 89D) Augusto Baca to third
|
Batting: LHB Robbie Turner
|
0-0: Ball 1-0: Swinging Strike 1-1: Swinging Strike 1-2: Strikes out swinging
|
Batting: RHB Adrián López
|
0-0: Called Strike 0-1: Foul Ball, location: 2F 0-2: Ball 1-2: Ball 2-2: Foul Ball, location: 2F 2-2: Foul Ball, location: 2F 2-2: Foul Ball, location: 2F 2-2: Foul Ball, location: 2F 2-2: Ball 3-2: Strikes out swinging
|
Bottom of the 4th over - 0 run(s), 1 hit(s), 0 error(s), 2 left on base; West Virginia 10 - Gainesville 1 |
TOP OF THE 5TH |
West Virginia Power batting - Pitching for Gainesville Guidos : RHP Salvador De Jesús
|
Batting: SHB Thomas Simmons
|
0-0: Foul Ball, location: 2F 0-1: Swinging Strike 0-2: Ball 1-2: Ball 2-2: Foul Ball, location: 2F 2-2: Ball 3-2: Foul Ball, location: 2F 3-2: Base on Balls
|
Batting: RHB Pedro Echevarría
|
0-0: Ball 1-0: Called Strike 1-1: Called Strike 1-2: Foul Ball, location: 2F 1-2: Foul Ball, location: 2F 1-2: Strikes out swinging
|
Batting: RHB Luis Quezada
|
0-0: Ball 1-0: Ball 2-0: DOUBLE (Groundball, 5L) Thomas Simmons to third Runner from 3rd tries for Home, SAFE, no throw
|
Batting: LHB Wally Harris
|
0-0: Ground out 6-3 (Groundball, 6) Luis Quezada to third
|
Batting: LHB Ken Nelson
|
0-0: Foul Ball, location: 2F 0-1: Foul Ball, location: 2F 0-2: Strikes out swinging
|
Top of the 5th over - 1 run(s), 1 hit(s), 0 error(s), 1 left on base; West Virginia 11 - Gainesville 1 |
BOTTOM OF THE 5TH |
Gainesville Guidos batting - Pitching for West Virginia Power : RHP Brad Flores
|
Batting: SHB Cornell Payne
|
0-0: Ball 1-0: Called Strike 1-1: Foul Ball, location: 2F 1-2: Ball 2-2: Ball 3-2: Strikes out swinging
|
Batting: RHB Juan Reyes
|
0-0: Foul Ball, location: 2F 0-1: Called Strike 0-2: Ball 1-2: Strikes out swinging
|
Batting: LHB Mark Owens
|
0-0: Called Strike 0-1: DOUBLE (Line Drive, 78M)
|
Batting: RHB Kyle O'Day
|
0-0: Called Strike 0-1: Called Strike 0-2: Ball 1-2: Ball 2-2: Foul Ball, location: 2F 2-2: Ground out 4-3 (Groundball, 4)
|
Bottom of the 5th over - 0 run(s), 1 hit(s), 0 error(s), 1 left on base; West Virginia 11 - Gainesville 1 |
TOP OF THE 6TH |
West Virginia Power batting - Pitching for Gainesville Guidos : RHP Salvador De Jesús
|
Batting: SHB Waylon Adams
|
0-0: Hit by Pitch
|
Batting: RHB Tony Parker
|
0-0: Swinging Strike 0-1: Ball 1-1: Called Strike 1-2: 2-RUN HOME RUN (Flyball, 89XD), Distance : 378 ft
|
Pitching: RHP Juan Mora
|
|
Batting: RHB Piotr Zahn
|
0-0: Ball 1-0: Ball 2-0: Called Strike 2-1: Called Strike 2-2: Strikes out swinging
|
Batting: RHB Javier Peña
|
0-0: Ball 1-0: Foul Ball, location: 2F 1-1: Foul Ball, location: 2F 1-2: Ball 2-2: Foul Ball, location: 2F 2-2: Fly out, F7 (Flyball, 7LS)
|
Batting: SHB Thomas Simmons
|
0-0: Called Strike 0-1: Foul Ball, location: 2F 0-2: Fly out, F8 (Line Drive, 8RD)
|
Top of the 6th over - 2 run(s), 1 hit(s), 0 error(s), 0 left on base; West Virginia 13 - Gainesville 1 |
BOTTOM OF THE 6TH |
Gainesville Guidos batting - Pitching for West Virginia Power : RHP Brad Flores
|
Batting: LHB Eddy Jefferson
|
0-0: Called Strike 0-1: Ball 1-1: Called Strike 1-2: Ball 2-2: Ball 3-2: Ground out 3-1 (Groundball, 34)
|
Batting: RHB Augusto Baca
|
0-0: Ground out 5-3 (Groundball, 5S)
|
Batting: RHB Denver Baker
|
0-0: Ball 1-0: Called Strike 1-1: Swinging Strike 1-2: SINGLE (Line Drive, 6MD)
|
Pitching: RHP Bill Hendricks
|
|
Batting: LHB Robbie Turner
|
0-0: Foul Ball, location: 2F 0-1: Foul Ball, location: 2F 0-2: Foul Ball, location: 2F 0-2: Ball 1-2: Fly out, F8 (Flyball, 78M)
|
Bottom of the 6th over - 0 run(s), 1 hit(s), 0 error(s), 1 left on base; West Virginia 13 - Gainesville 1 |
TOP OF THE 7TH |
West Virginia Power batting - Pitching for Gainesville Guidos : RHP Juan Mora
|
Batting: RHB Pedro Echevarría
|
0-0: SINGLE (Line Drive, 4M)
|
Batting: RHB Luis Quezada
|
0-0: Ball 1-0: Fielders Choice at 2nd, 6-4 (Groundball, 6)
|
Batting: LHB Wally Harris
|
0-0: Called Strike 0-1: Ball Luis Quezada is caught stealing 2nd base 1-1: Called Strike 1-2: Foul Ball, location: 2F 1-2: Ball 2-2: Ball 3-2: Fly out, F5 (Line Drive, 56S)
|
Top of the 7th over - 0 run(s), 1 hit(s), 0 error(s), 0 left on base; West Virginia 13 - Gainesville 1 |
BOTTOM OF THE 7TH |
Gainesville Guidos batting - Pitching for West Virginia Power : RHP Bill Hendricks
|
Batting: RHB Adrián López
|
0-0: Ball 1-0: Called Strike 1-1: SINGLE (Line Drive, 6D)
|
Pinch Hitting: RHB Doug Coleman
|
0-0: Called Strike 0-1: Ball 1-1: Ground out 5-3 (Groundball, 5) Adrián López to second
|
Batting: RHB Juan Reyes
|
0-0: Ball 1-0: Fly out, F8 (Flyball, 8LS)
|
Batting: LHB Mark Owens
|
0-0: Called Strike 0-1: Ground out 1-3 (Groundball, 13S)
|
Bottom of the 7th over - 0 run(s), 1 hit(s), 0 error(s), 1 left on base; West Virginia 13 - Gainesville 1 |
TOP OF THE 8TH |
West Virginia Power batting - Pitching for Gainesville Guidos : RHP Juan Mora
|
Now in CF: Mark McDonald
|
|
Pinch Hitting: RHB Lorenzo Ayala
|
0-0: Called Strike 0-1: Ball 1-1: Swinging Strike 1-2: Fly out, F8 (Flyball, 8LM)
|
Batting: SHB Waylon Adams
|
0-0: Ball 1-0: Ball 2-0: SINGLE (Line Drive, 89S)
|
Batting: RHB Tony Parker
|
0-0: Ball 1-0: Foul Ball, location: 2F 1-1: Foul Ball, location: 2F 1-2: Fielders Choice at 2nd, 4-6 (Groundball, 4)
|
Batting: RHB Piotr Zahn
|
0-0: Foul Ball, location: 2F 0-1: Called Strike 0-2: Fly out, F7 (Flyball, 7)
|
Top of the 8th over - 0 run(s), 1 hit(s), 0 error(s), 1 left on base; West Virginia 13 - Gainesville 1 |
BOTTOM OF THE 8TH |
Gainesville Guidos batting - Pitching for West Virginia Power : RHP Bill Hendricks
|
Now at 3B: Ron Guillén
|
|
Now in CF: Alonzo Herrera
|
|
Batting: RHB Kyle O'Day
|
0-0: Ball 1-0: Swinging Strike 1-1: Swinging Strike 1-2: Strikes out looking
|
Batting: LHB Eddy Jefferson
|
0-0: Ball 1-0: Foul Ball, location: 2F 1-1: SOLO HOME RUN (Flyball, 9D), Distance : 352 ft
|
Batting: RHB Augusto Baca
|
0-0: Called Strike 0-1: Ball 1-1: Foul Ball, location: 2F 1-2: Ball 2-2: Strikes out swinging
|
Batting: RHB Denver Baker
|
0-0: Ball 1-0: Called Strike 1-1: Ball 2-1: Ball 3-1: Swinging Strike 3-2: Base on Balls
|
Batting: LHB Robbie Turner
|
0-0: Called Strike 0-1: Ball 1-1: Ball 2-1: Foul Ball, location: 2F 2-2: Foul Ball, location: 2F 2-2: Strikes out swinging
|
Bottom of the 8th over - 1 run(s), 1 hit(s), 0 error(s), 1 left on base; West Virginia 13 - Gainesville 2 |
TOP OF THE 9TH |
West Virginia Power batting - Pitching for Gainesville Guidos : RHP Juan Mora
|
Batting: RHB Javier Peña
|
0-0: Foul Ball, location: 2F 0-1: Ball 1-1: Ball 2-1: Foul Ball, location: 2F 2-2: Ball 3-2: Ground out 6-3 (Groundball, 6)
|
Pitching: RHP Gustavo Ávila
|
|
Pinch Hitting: RHB Juan Alberto
|
0-0: Foul Ball, location: 2F 0-1: SINGLE (Flyball, 8LS)
|
Batting: RHB Pedro Echevarría
|
0-0: Called Strike 0-1: Ball 1-1: Foul Ball, location: 2F 1-2: Foul Ball, location: 2F 1-2: SINGLE (Groundball, 6D) Juan Alberto to second
|
Batting: RHB Luis Quezada
|
0-0: Called Strike 0-1: Called Strike 0-2: Hit by Pitch Juan Alberto to third Pedro Echevarría to second
|
Batting: LHB Wally Harris
|
0-0: Ground out 5-3 (Groundball, 5S) Juan Alberto scores Pedro Echevarría to third Luis Quezada to second
|
Batting: RHB Alonzo Herrera
|
0-0: Ground out 6-3 (Groundball, 6)
|
Top of the 9th over - 1 run(s), 2 hit(s), 0 error(s), 2 left on base; West Virginia 14 - Gainesville 2 |
BOTTOM OF THE 9TH |
Gainesville Guidos batting - Pitching for West Virginia Power : RHP Bill Hendricks
|
Now in RF: Júlio Martínez
|
|
Batting: RHB Adrián López
|
0-0: Called Strike 0-1: Ground out 5-3 (Groundball, 56S)
|
Batting: RHB Mark McDonald
|
0-0: Ball 1-0: Ball 2-0: Ball 3-0: Ground out 4-3 (Groundball, 4)
|
Batting: RHB Juan Reyes
|
0-0: Ball 1-0: DOUBLE (Flyball, 78XD)
|
Batting: LHB Mark Owens
|
0-0: Ground out 6-3 (Groundball, 6)
|
Bottom of the 9th over - 0 run(s), 1 hit(s), 0 error(s), 1 left on base; West Virginia 14 - Gainesville 2 |
|